 Dungeon Crawl Stone Soup version 0.14.2 (webtiles) character file.

109 Patchouli the Magician (level 3, 0/19 HPs)
             Began as a Deep Elf Ice Elementalist on Nov 2, 2016.
             Slain by an orc priest
             ... wielding a +0,+0 whip
              (1 damage)
             ... on Level 3 of the Dungeon.
             The game lasted 00:05:34 (845 turns).

Patchouli the Magician (Deep Elf Ice Elementalist)   Turns: 845, Time: 00:05:34

HP   0/19        AC  2     Str  6      XL: 3   Next: 28%
MP  10/12        EV 13     Int 19      God:
Gold 70          SH  0     Dex 15      Spells:  2 memorised,  7 levels left

rFire  . . .     SeeInvis .     d - +0 dagger (curse)
rCold  . . .     Clarity  .     e - +0 robe (curse)
rNeg   . . .     Conserve .     (no shield)
rPois  +         rCorr    .     (no helmet)
rElec  .         rRot     .     (no cloak)
SustAb . .       Spirit   .     (no gloves)
rMut   .         Warding  .     (no boots)
Saprov . . .     Stasis   .     (no amulet)
MR     .....                    (no ring)
                                v - ring of poison resistance {unknown}

@: confused, not resistant to hostile enchantments, very unstealthy
A: no striking features
a: no special abilities


You were on level 3 of the Dungeon.
You were not hungry.

You visited 1 branch of the dungeon, and saw 3 of its levels.

You collected 70 gold pieces.

Inventory:

Hand weapons
 d - a cursed +0,+0 dagger (weapon)
 h - a +2 blowgun
 s - a +1,+1 short sword of venom
Missiles
 f - 4 poisoned needles
 n - 19 darts (quivered)
 o - 4 tomahawks
Armour
 a - a +0 robe
 e - a cursed +0 robe (worn)
 p - a +1 leather armour
 t - a +0 troll leather armour
Comestibles
 c - 2 bread rations
 g - 2 rotting chunks of orc flesh
 j - a chunk of rat flesh
 m - 2 rotting chunks of jackal flesh
Scrolls
 k - a scroll of teleportation {unknown}
 l - a scroll of identify {unknown}
 q - a scroll of recharging {unknown}
 u - a scroll of immolation {unknown}
Jewellery
 v - a ring of poison resistance (left hand) {unknown}
Books
 b - a book of Frost

   Spells                             Type                      Level
   *Freeze                            Ice                          1
   *Throw Frost                       Conjuration/Ice              2
   Ozocubu's Armour                   Charms/Ice                   3
   Throw Icicle                       Conjuration/Ice              4
   Summon Ice Beast                   Ice/Summoning                4
   Condensation Shield                Ice                          4


   Skills:
 - Level 2.4 Dodging
 - Level 2.4 Stealth
 * Level 4.1 Spellcasting
 * Level 1.7 Conjurations
 * Level 3.9 Ice Magic


You had 7 spell levels left.
You knew the following spells:

 Your Spells              Type           Power        Failure   Level  Hunger
a - Freeze                Ice            ###.         3%          1    None
b - Throw Frost           Conj/Ice       ##....       10%         2    #......


Dungeon Overview and Level Annotations

Branches:
Dungeon (3/15)

Altars:
Nemelex Xobeh
Vehumet


Message History

Drink which item? (? for menu, Esc to quit)
You feel better. The rat misses you. The orc wizard casts a spell at you.
You are confused.
The orc priest misses you.
You're too confused to cast spells.
Sorry, you're not good enough to have a special ability.
You aren't carrying any potions.
Unknown command.
The orc wizard gestures at you while chanting.
The puff of flame hits you!
Your scroll labeled WEIGHEPSIJ catches fire!
* * * LOW HITPOINT WARNING * * *
The orc priest barely misses you.
You hit the orc priest but do no damage.
The orc priest is severely wounded.
The rat barely misses you. The orc wizard hits you with a dagger.
* * * LOW HITPOINT WARNING * * *
The orc priest hits you with a whip.
You die...

##.)..# #............. ##..####
####'######### #..## #....###
###.## ####...# #...#
#######'#### ### ####'#########
#........... ..# #............#
###...........
#.###............#...'...........
#...'..........r@oo# #...........
#####..........?o### #.....o.....
#..........).# #.....o...<.
#...........># #.....o.....
####'######### #........... ....
#####'###### ...... ##.# ⌠.....⌠
##o.# ....8.... ##.<##


You could see an orc priest, an orc wizard, an orc and a rat.

Vanquished Creatures
  An adder (D:2)
  3 orcs (D:3)
  6 goblins
  A hobgoblin (D:1)
  3 jackals (D:3)
  A quokka (D:3)
  3 bats
  A giant gecko (D:1)
  5 kobolds
  4 rats
28 creatures vanquished.

Notes
Turn   | Place    | Note
--------------------------------------------------------------
     0 | D:1      | Patchouli, the Deep Elf Ice Elementalist, began the quest for the Orb.
     0 | D:1      | Reached XP level 1. HP: 10/10 MP: 5/5
   262 | D:2      | Reached XP level 2. HP: 15/15 MP: 8/8
   266 | D:2      | Learned a level 2 spell: Throw Frost
   418 | D:3      | Paralysed by a potion of paralysis for 3 turns
   603 | D:3      | Noticed an ogre
   669 | D:2      | Reached skill level 4 in Spellcasting
   745 | D:2      | Reached XP level 3. HP: 12/19 MP: 8/12
   830 | D:3      | Found a sparkling altar of Nemelex Xobeh.
   830 | D:3      | Found a radiant altar of Vehumet.
   845 | D:3      | Slain by an orc priest

Action                   || total
-------------------------++-------
Melee: Dagger            ||     9
 Cast: Freeze            ||    31
       Throw Frost       ||     1
  Use: Potion            ||     4
 Stab: Sleeping          ||     3
